 Dungeon Crawl Stone Soup version 0.30-a0-737-gf23d94013f (webtiles) character file.

Game seed: 7428295188777463959

1791 BigDaddyOpFi the Magician (level 8, -3/34 HPs)
             Began as a Felid Earth Elementalist on Feb 2, 2023.
             Was a Follower of Vehumet.
             Slain by a killer bee (9 damage)
             ... on level 9 of the Dungeon.
             The game lasted 00:16:11 (14806 turns).

BigDaddyOpFi the Magician (FeEE)                   Turns: 14806, Time: 00:16:11

Health: -3/34      AC:  2    Str:  4    XL:     8   Next: 82%
Magic:  3/20       EV: 20    Int: 26    God:    Vehumet [*.....]
Gold:   509        SH:  5    Dex: 17    Spells: 18/22 levels left
                                        Lives:  0   Deaths: 2

rFire   . . .      SeeInvis +    (weapon unavailable)
rCold   . . .      Faith    .    (shield unavailable)
rNeg    . . .      Spirit   .    (body armour unavailable)
rPois   .          Reflect  +    (helmet unavailable)
rElec   .          Harm     .    (cloak unavailable)
rCorr   .          Rampage  .    (gloves unavailable)
Will    ++...                    (boots unavailable)
Stlth   +++                      u - amulet of reflection
HPRegen 0.25/turn                c - +6 ring of intelligence
MPRegen 0.17/turn                q - ring of willpower

@: quick
A: very small, claws 1, fangs 3, see invisible, speed 1, shaggy fur 2, stealthy
paws, no weapons or thrown items, no armour, multi-lived
a: Renounce Religion


You were on level 9 of the Dungeon.
You worshipped Vehumet.
Vehumet was aware of your devotion.
You visited 2 branches of the dungeon, and saw 11 of its levels.

You collected 509 gold pieces.

Inventory:

Jewellery
 c - a +6 ring of intelligence (left paw)
 h - an amulet of guardian spirit
 p - a ring of fire
 q - a ring of willpower (right paw)
 u - an amulet of reflection (around neck)
Wands
 k - a wand of flame (17)
 n - a wand of quicksilver (14)
Scrolls
 b - a scroll of enchant armour
 f - 2 scrolls of immolation
 j - a scroll of brand weapon
 l - 2 scrolls of noise
 m - 4 scrolls of teleportation
 v - 2 scrolls of identify
Potions
 a - 2 potions of degeneration {unknown}
 d - 3 potions of brilliance {unknown}
 e - 6 potions of curing
 g - 3 potions of flight {unknown}
 i - a potion of attraction {unknown}
 o - 3 potions of resistance {unknown}
 r - 2 potions of lignification {unknown}
 s - 2 potions of berserk rage {unknown}
 t - a potion of invisibility
 w - a potion of heal wounds {unknown}
 x - a potion of might {unknown}


   Skills:
 + Level 3.5 Fighting
 + Level 5.7 Dodging
 + Level 6.0 Stealth
 + Level 7.5 Spellcasting
 + Level 7.1 Conjurations
 - Level 1.1 Transmutations
 + Level 3.4 Ice Magic
 - Level 6.8 Earth Magic


You had 18 spell levels left.
You knew the following spells:

 Your Spells              Type           Power      Damage    Failure   Level
a - Sandblast             Erth           90%        2d19      1%          1
b - Stone Arrow           Conj/Erth      90%        3d12      1%          3

Your spell library contained the following spells:

 Spells                   Type           Power      Damage    Failure   Level
 Kiss of Death            Conj/Necr      100%       2d13      1%          1
 Freeze                   Ice            100%       1d10      1%          1
 Passwall                 Tmut/Erth      25%        N/A       1%          2
 Hailstorm                Conj/Ice       37%        3d9       1%          3
 Frozen Ramparts          Ice            54%        1d9       4%          3
 Mephitic Cloud           Conj/Pois/Air  22%        N/A       7%          3
 Cigotuvi's Dreadful Rot  Necr/Pois/Air  18%        N/A       9%          2
 Poisonous Vapours        Pois/Air       18%        N/A       9%          2
 Petrify                  Tmut/Erth      30%        N/A       12%         4
 Anguish                  Hex/Necr       4%         N/A       52%         4
 Enfeeble                 Hex            4%         N/A       100%        7


Dungeon Overview and Level Annotations

Branches:
Dungeon (10/15)            Temple (1/1) D:5            Lair (0/5) D:8
    Orc: D:9-12

Altars:
Ashenzari
Cheibriados
Dithmenos
Elyvilon
Fedhas
Gozag
Hepliaklqana
Kikubaaqudgha
Makhleb
Nemelex Xobeh
Okawaru
Qazlal
Ru
Sif Muna
Trog
Uskayaw
Vehumet
Wu Jian
Xom
Yredelemnul
Zin
The Shining One

Annotations:
D:6 exclusion: statue
D:7 2 transporters, THTSBRD's ghost, novice DjGl


Innate Abilities, Weirdness & Mutations

You have sharp claws.
You have razor-sharp teeth.
You have supernaturally acute eyesight. (SInv)
You cover ground quickly. (Speed+)
You are covered in thick fur. (AC +2)
Your paws help you pounce on unaware monsters.
You are incapable of wielding weapons or throwing items.
You cannot wear armour.
You gain extra lives every three experience levels.


Message History

The blast of sand hits the killer bee!
You kill the killer bee!
Vehumet accepts your kill. The killer bee barely misses you.
The killer bee stings you!
You are poisoned.
The killer bee poisons you!
Casting: Sandblast (safe; 1% risk of failure)
Confirm with . or Enter, or press ? or * to list all spells.
Aiming: Sandblast (safe; 1% risk of failure)
Press: ? - help, Shift-Dir - straight line, f - killer bee
Aim: a killer bee (69% to hit)
The blast of sand hits the killer bee!
The killer bee is heavily wounded.
You feel very sick. The killer bee barely misses you.
The killer bee stings you. The killer bee closely misses you.
Casting: Sandblast (safe; 1% risk of failure)
Confirm with . or Enter, or press ? or * to list all spells.
Aiming: Sandblast (safe; 1% risk of failure)
Press: ? - help, Shift-Dir - straight line, f/p - killer bee
Aim: a killer bee (heavily wounded, 69% to hit)
The blast of sand hits the killer bee!!
You kill the killer bee!
Vehumet accepts your kill.
You feel sick. The killer bee barely misses you. The killer bee stings you!
* * * LOW HITPOINT WARNING * * *
You feel better. The killer bee barely misses you.
You block the killer bee's attack.
Casting: Sandblast (safe; 1% risk of failure)
Confirm with . or Enter, or press ? or * to list all spells.
Aiming: Sandblast (safe; 1% risk of failure)
Press: ? - help, Shift-Dir - straight line, f - killer bee
Aim: a killer bee (severely wounded, 69% to hit)
The blast of sand hits the killer bee!!
You kill the killer bee!
Vehumet accepts your kill. The killer bee stings you.
* * * LOW HITPOINT WARNING * * *
The killer bee stings you!
You die...

#. . .## ..#
#.# .# #.# #.#
#y#
#.#####@###.#
###
#..........>#
..#
#.#####.#####
#.# #[# #.#
#.########.#
#.#
#..........#
#.#
##########.#
#.#
######.#####.#
..............#


You could see a killer bee.

Vanquished Creatures
  A two-headed ogre (D:5)
  A troll (D:8)
  A wyvern (D:8)
  Eustachio (D:5)
  Menkaure (D:5)
  A water moccasin (D:8)
  2 ice beasts
  An orc warrior (D:4)
  A sky beast (D:7)
  2 black bears
  3 wolves (D:8)
  5 centaurs
  An ogre (D:5)
  A kobold brigand (D:8)
  6 bullfrogs
  A gnoll sergeant (D:10)
  2 scorpions (D:6)
  A necrophage (D:7)
  4 killer bees (D:9)
  3 electric eels (D:8)
  4 howler monkeys (D:7)
  A jelly (D:6)
  7 hounds
  4 orc priests
  An iron imp (D:4)
  4 gnoll boudas
  5 iguanas
  7 orc wizards
  22 gnolls
  4 adders
  A shadow imp (D:5)
  A white imp (D:8)
  2 ufetubi
  5 worms
  2 dart slugs
  23 orcs
  3 bats
  5 endoplasms
  3 giant cockroaches (D:3)
  19 goblins
  14 hobgoblins
  8 jackals
  2 quokkas
  18 ball pythons
  7 frilled lizards
  12 kobolds
  6 rats
  2 butterflies (D:4)
231 creatures vanquished.

Vanquished Creatures (others)
  A wolf (D:8)
  A jelly (D:8)
  3 fungi
  6 plants
  5 toadstools (D:4)
16 creatures vanquished.

Grand Total: 247 creatures vanquished

Notes
Turn   | Place    | Note
-------+----------+-------------------------------------------
     0 | D:1      | BigDaddyOpFi the Felid Earth Elementalist began the quest
                  | for the Orb.
     0 | D:1      | Reached XP level 1. HP: 7/7 MP: 4/4
   170 | D:1      | Reached XP level 2. HP: 10/11 MP: 1/6
   359 | D:1      | Reached skill level 1 in Conjurations
   671 | D:1      | Reached XP level 3. HP: 14/14 MP: 5/7
  1221 | D:2      | Found a sacrificial altar of Ru.
  1324 | D:2      | You fall into a shaft and drop 1 floor!
  2176 | D:3      | Reached XP level 4. HP: 18/18 MP: 6/9
  2384 | D:3      | Learned a level 3 spell: Stone Arrow
  3094 | D:4      | Found an ornate altar of the Wu Jian Council.
  3114 | D:4      | Noticed a black bear
  3118 | D:4      | Killed a black bear
  3119 | D:4      | Reached XP level 5. HP: 21/21 MP: 6/11
  3315 | D:4      | Noticed an orc warrior
  3320 | D:4      | Killed an orc warrior
  3321 | D:4      | Gained mutation: You are covered in thick fur. (AC +2)
                  | [Felid growth]
  3321 | D:4      | Reached XP level 6. HP: 24/24 MP: 8/12
  3590 | D:4      | Found a snail-covered altar of Cheibriados.
  4339 | D:5      | Entered Level 5 of the Dungeon
  5022 | D:5      | Noticed a two-headed ogre
  5027 | D:5      | Killed a two-headed ogre
  5028 | D:5      | Reached skill level 5 in Spellcasting
  5028 | D:5      | Reached skill level 5 in Earth Magic
  5028 | D:5      | Reached XP level 7. HP: 27/27 MP: 1/15
  5028 | D:5      | Reached XP level 8. HP: 31/31 MP: 1/16
  5285 | D:5      | Noticed Menkaure
  5287 | D:5      | Killed Menkaure
  5405 | D:5      | Reached skill level 5 in Conjurations
  5944 | D:5      | Found a staircase to the Ecumenical Temple.
  6101 | Temple   | Entered the Ecumenical Temple
  6188 | D:6      | Noticed Eustachio
  6421 | D:5      | Killed Eustachio
  8239 | D:6      | Found a broken altar of Ashenzari.
  8665 | D:6      | Reached XP level 9. HP: 34/34 MP: 15/19
  8760 | D:6      | Reached skill level 1 in Ice Magic
  9023 | D:6      | Found a radiant altar of Vehumet.
  9041 | D:6      | Became a worshipper of Vehumet
  9565 | D:7      | Reached skill level 1 in Fighting
  9615 | D:7      | Found a glowing golden altar of the Shining One.
  9617 | D:7      | Identified the +8 trident of Anxiety {flame, Contam Int+5}
  9917 | D:7      | Found a transporter.
  9927 | D:7      | Noticed THTSBRD's ghost (novice DjGl)
  9935 | D:7      | Noticed a moth of wrath
 10191 | D:7      | Reached * piety under Vehumet
 10191 | D:7      | Offered knowledge of Kiss of Death by Vehumet.
 10328 | D:7      | Found a transporter.
 11172 | D:7      | Slain by an orc
 11173 | D:7      | Reached XP level 8. HP: -1/33 MP: 14/19
 11614 | D:8      | Reached skill level 5 in Stealth
 11797 | D:8      | Reached XP level 9. HP: 36/37 MP: 10/20
 12194 | D:8      | Reached skill level 5 in Dodging
 13048 | D:8      | Noticed a troll
 13054 | D:8      | Killed a troll
 13360 | D:8      | Found a shimmering altar of Xom.
 13379 | D:8      | Found a staircase to the Lair.
 13517 | D:8      | Found a basalt altar of Yredelemnul.
 14256 | D:8      | HP: 1/38 [electric eel/bolt of electricity (9)]
 14256 | D:8      | Killed from afar by an electric eel
 14257 | D:8      | Reached XP level 8. HP: -7/34 MP: 20/20
 14307 | D:10     | Entered Level 10 of the Dungeon
 14316 | D:10     | Noticed a gargoyle
 14806 | D:9      | Slain by a killer bee

Illustrated notes

Levels and vault maps discovered:
D:1:      dpeg_arrival_round_a, layout_rooms, nicolae_wormholes
D:2:      layout_loops_corners, basic_altar, serial_park_tiny_2,
          kennysheep_donut
D:3:      layout_loops_cross, wander_ebering_terrifying_dragon_lair
D:4:      layout_basic, chei_slow_surprise, mainiacjoe_overflow_boulevard,
          corner_web_ring, minivault_19, hangedman_glass_garden,
          grunt_decor_junction, minmay_gold_behind_fungi, grunt_ministairs_1,
          dk_vineyard_1, minmay_misc_feat_more_columns
D:5:      layout_loops_ring, minmay_temple_entry_proselytizer,
          saegor_snake_ambush, uniq_menkaure
D:6:      corexii_shantytown, layout_rooms, mainiacjoe_overflow_cross_hatched,
          vehumet_statue, nicolae_figureground_pulse, uniq_eustachio
D:7:      layout_rooms, amcnicky_altar_gilded,
          gammafunk_ghost_berserking_beasts, mrwooster_statue_mirror
D:8:      layout_rooms, yredelemnul_altar_generic, xom_confusion_cloud,
          erik_lair_island, serial_corexii_hall, corexii_hall_statues_x,
          chequers_hall_statues_corner_a, minivault_19, grunt_ministairs_5,
          roderic_roman_lattice, onia_ninara_dug_in_and_dangerous
D:9:      layout_loops_ring
D:10:     layout_basic, orc_0_dummy
Temple:   eino_wide_crystal_templ

Skill      XL: |  1  2  3  4  5  6  7  8  9 |
---------------+----------------------------+-----
Earth Magic    | 3 4 5 6 |  6.8
Conjurations   | 1 2 4 6 7 |  7.1
Spellcasting   | 3 5 6 7 |  7.5
Ice Magic      | 3 |  3.4
Dodging        | 5 |  5.7
Stealth        | 6 4 |  6.0
Fighting       | 3 |  3.5
Transmutations | |  1.1

Action                     |  1- 3 |  4- 6 |  7- 9 || total
---------------------------+-------+-------+-------++-------
  Melee: Unarmed           |     3 |     7 |     2 ||    12
         Bite              |     1 |       |       ||     1
   Cast: Sandblast         |    65 |    72 |    26 ||   163
         Stone Arrow       |       |    13 |   184 ||   197
    Use: Scroll            |       |     9 |       ||     9
         Potion            |       |       |     9 ||     9
   Stab: Sleeping          |       |     1 |       ||     1
 Armour: Skin              |     1 |     1 |     5 ||     7
  Dodge: Dodged            |    12 |    30 |   109 ||   151
  Block: Other             |       |       |    19 ||    19
         Reflection        |       |       |     3 ||     3

Table legend: (Time is in decaauts)
 A = Elapsed time spent in this place.
 B = Non-inter-level travel time spent in this place.
 C = Inter-level travel time spent in this place.
 D = Time resting spent in this place.
 E = Time spent auto-exploring this place.
 F = Levels seen in this place.
 G = Mean time per level.
                   A        B        C        D        E       F      G
               +--------+--------+--------+--------+--------+-----+--------+
         Total |  13927 |  13701 |    226 |   6702 |   5383 |  11 | 1266.1 |
       Dungeon |  13880 |  13665 |    215 |   6702 |   5359 |  10 | 1388.0 |
        Temple |     46 |     35 |     11 |      0 |     24 |   1 |   46.0 |
               +--------+--------+--------+--------+--------+-----+--------+

Top non-repeatable levels by time:
     D:8: 3062 daAuts
     D:6: 2304 daAuts
     D:7: 1925 daAuts
     D:4: 1666 daAuts
     D:5: 1574 daAuts
     D:3: 1113 daAuts
     D:1: 912 daAuts
     D:2: 809 daAuts
     D:9: 499 daAuts
  Temple: 46 daAuts
    D:10: 12 daAuts
